 Dungeon Crawl Stone Soup version 0.24-a0-778-g74da537585 (webtiles) character file.

Game seed: 7338164361439753582, levelgen mode: deterministic

29 Gynju the Ducker (level 3, -2/14 HPs)
             Began as a Felid Fire Elementalist on Oct 7, 2019.
             Slain by a gnoll
             ... wielding a +2 flail of crushing
              (4 damage)
             ... on level 2 of the Dungeon.
             The game lasted 00:01:43 (1245 turns).

Gynju the Ducker (Felid Fire Elementalist)          Turns: 1245, Time: 00:01:44

Health: -2/14      AC:  1    Str:  4    XL:     3   Next: 1%
Magic:  4/7        EV: 18    Int: 17    God:
Gold:   7          SH:  0    Dex: 16    Spells: 5/6 levels left
                                        Lives:  0   Deaths: 0

rFire    . . .     SeeInvis +   (weapon unavailable)
rCold    . . .     Gourm    .   (shield unavailable)
rNeg     . . .     Faith    .   (armour unavailable)
rPois    .         Spirit   .   (helmet unavailable)
rElec    .         Reflect  .   (cloak unavailable)
rCorr    .         Harm     .   (gloves unavailable)
MR       .....                  (boots unavailable)
Stlth    +++.......             (no amulet)
HPRegen  0.04/turn              (no ring)
MPRegen  0.10/turn              (no ring)

@: quick
A: very small, no armour, no weapons or thrown items, stealth, claws 1, fangs 3,
see invisible, carnivore, speed 1, shaggy fur 1, slow metabolism 1, sharp paws
a: no special abilities


You were on level 2 of the Dungeon.
You were full.

You visited 1 branch of the dungeon, and saw 2 of its levels.

You collected 7 gold pieces.

Inventory:

Scrolls
 a - 2 scrolls of remove curse {unknown}
 c - 2 scrolls of amnesia {unknown}
 e - a scroll of identify {unknown}
 f - a scroll of teleportation {unknown}
 h - a scroll of noise {unknown}
Potions
 d - 4 potions of curing {unknown}
 g - a potion of degeneration {unknown}
Comestibles
 b - 4 rations
 i - 2 chunks of flesh


   Skills:
 + Level 3.3 Dodging
 - Level 2.6 Stealth
 + Level 2.3 Spellcasting
 + Level 1.4 Conjurations
 + Level 3.0 Fire Magic


You had 5 spell levels left.
You knew the following spells:

 Your Spells              Type           Power        Failure   Level  Hunger
a - Flame Tongue          Conj/Fire      #....        8%          1    #......

Your spell library contained the following spells:

 Spells                   Type           Power        Failure   Level  Hunger
 Throw Flame              Conj/Fire      #.....       11%         2    ##.....
 Conjure Flame            Conj/Fire      #.......     22%         3    ###....
 Inner Flame              Hex/Fire       #.......     30%         3    ###....
 Sticky Flame             Conj/Fire      #.......     58%         4    #####..
 Fireball                 Conj/Fire      #.........   90%         5    ######.


Dungeon Overview and Level Annotations

Branches:
Dungeon (2/15)

Altars:

Annotations:
D:2 Sigmund


Innate Abilities, Weirdness & Mutations

You cannot wear armour.
You are incapable of wielding weapons or throwing items.
Your paws allow you to move quietly. (Stealth)
You have sharp claws.
You have razor-sharp teeth.
You have supernaturally acute eyesight. (SInv)
You are carnivorous and can eat meat at any time.
You cover ground quickly.
You are covered in fur. (AC +1)
You have a slow metabolism.
Your sharp claws are effective at attacking unaware monsters.


Message History

The flame tongue hits the gnoll.
The gnoll is moderately wounded.
Casting: Flame Tongue (safe; 8% risk of failure)
Confirm with . or Enter, or press ? or * to list all spells.
Aiming: Flame Tongue (safe; 8% risk of failure)
Press: ? - help, Shift-Dir - straight line, f/p - gnoll
Aim: a gnoll, wielding a +2 flail of crushing (moderately wounded)
The flame tongue hits the gnoll.
The gnoll is severely wounded.
Casting: Flame Tongue (safe; 8% risk of failure)
Confirm with . or Enter, or press ? or * to list all spells.
Aiming: Flame Tongue (safe; 8% risk of failure)
Press: ? - help, Shift-Dir - straight line, f/p - gnoll
Aim: a gnoll, wielding a +2 flail of crushing (severely wounded)
The flame tongue misses the gnoll.
The gnoll shouts!
The gnoll hits you with a +2 flail of crushing!
Ouch! That really hurt!
* * * LOW HITPOINT WARNING * * *
You die...

.........####....
########.........
###.####.... ##+#
#.........). ##...##
#.#..##..#.. ##.....##
##.#..##..##. ##.......##
##..#..##..###
#.........####...g......###
+.........@g...g...........
#.........###....##########
#.......## #.#.## ##.....##
#.### ###...#### #.#
#........# #.# #.##.###.#
#.# #. #.# #.# #.#
##.##.###.###.#


You could see 3 gnolls.

Vanquished Creatures
  An adder (D:2)
  A dart slug (D:2)
  A leopard gecko (D:2)
  A giant cockroach (D:2)
  3 goblins
  A quokka (D:2)
  4 bats
  3 kobolds
  A rat (D:2)
16 creatures vanquished.

Notes
Turn   | Place    | Note
-------+----------+-------------------------------------------
     0 | D:1      | Gynju the Felid Fire Elementalist began the quest for the
                  | Orb.
     0 | D:1      | Reached XP level 1. HP: 7/7 MP: 4/4
    93 | D:1      | Reached skill level 1 in Conjurations
   350 | D:1      | You fall into a shaft and drop 1 floor!
   400 | D:2      | Reached XP level 2. HP: 11/11 MP: 4/6
   628 | D:2      | Noticed Sigmund
  1140 | D:2      | Reached XP level 3. HP: 11/14 MP: 5/7
  1245 | D:2      | Slain by a gnoll

Levels and vault maps discovered:
D:1:      minmay_arrival_jagged, layout_basic, chequers_serial_rivers_micro_d
D:2:      layout_loops_corners, uniq_sigmund

Skill      XL: |  1  2 |
---------------+-------+-----
Conjurations   | 1 |  1.4
Dodging        | 3 |  3.3
Fire Magic     | 3 |  3.0
Stealth        | |  2.6
Spellcasting   | |  2.3

Action                   || total
-------------------------++-------
Melee: Unarmed           ||     1
 Cast: Flame Tongue      ||    31
  Eat: Chunk             ||     5
Dodge: Dodged            ||     9

Table legend:
 A = Non-vault XP
 B = Vault XP
 C = Vault XP percentage of total XP
 D = Non-vault monster count
 E = Vault monster count
 F = Vault count percentage of total count
                 A         B        C        D         E       F
            +---------+---------+-------+---------+---------+-------
      Total |      42 |       0 |   0.0 |      16 |       0 |   0.0
            +---------+---------+-------+---------+---------+-------
        D:1 |       7 |       0 |   0.0 |       5 |       0 |   0.0
        D:2 |      35 |       0 |   0.0 |      11 |       0 |   0.0
            +---------+---------+-------+---------+---------+-------
